 Dungeon Crawl Stone Soup version 0.28-a0-1159-g27aa881441 (webtiles) character file.

Game seed: 13298045966887892547

48 SensoryNuts the Skirmisher (level 3, 0/40 HPs)
             Began as an Ogre Fighter on Dec 15, 2021.
             Slain by a jackal (1 damage)
             ... on level 1 of the Dungeon.
             The game lasted 00:01:47 (1652 turns).

SensoryNuts the Skirmisher (Ogre Fighter)           Turns: 1652, Time: 00:01:48

Health: 0/40       AC:  3    Str: 22    XL:     3   Next: 72%
Magic:  3/3        EV:  8    Int:  9    God:
Gold:   18         SH:  7    Dex:  8    Spells: 2/2 levels left

rFire   . . .      SeeInvis .   a - +0 trident
rCold   . . .      Faith    .   c - +0 kite shield
rNeg    . . .      Spirit   .   b - +0 robe
rPois   .          Reflect  .   (helmet restricted)
rElec   .          Harm     .   (no cloak)
rCorr   .          Rampage  .   (gloves unavailable)
Will    .....                   (boots unavailable)
Stlth   +.........              (no amulet)
HPRegen 0.13/turn               (no ring)
MPRegen 0.08/turn               (no ring)

@: no status effects
A: large, unfitting armour, tough skin 1
a: no special abilities


You were on level 1 of the Dungeon.
You visited 1 branch of the dungeon, and saw 2 of its levels.

You collected 18 gold pieces.

Inventory:

Hand Weapons
 a - a +0 trident (weapon)
Armour
 b - a +0 robe (worn)
 c - a +0 kite shield (worn)
Potions
 h - a potion of flight


   Skills:
 + Level 4.6 Fighting
 + Level 2.5 Polearms
 + Level 3.2 Dodging
 + Level 3.0 Shields


You had 2 spell levels left.
You didn't know any spells.
Your spell library was empty.

Dungeon Overview and Level Annotations

Branches:
Dungeon (2/15)

Altars:


Innate Abilities, Weirdness & Mutations

You are too large for most types of armour.
You have tough skin. (AC +1)


Message History

There is a stone staircase leading up, spattered with blood here.
You block the jackal's attack. The jackal bites you. The hobgoblin hits you.
The gnoll barely misses you.
You climb upwards.
There is a stone staircase leading down here.
You hit the gnoll.
The gnoll is lightly wounded.
The jackal bites you but does no damage. x2
The hobgoblin barely misses you. The jackal bites you.
You block the jackal's attack. The gnoll barely misses you.
You hit the gnoll but do no damage.
The gnoll is lightly wounded.
The jackal completely misses you. The jackal bites you.
The hobgoblin closely misses you. The gnoll misses you.
You block the jackal's attack. The jackal bites you. The hobgoblin hits you.
* * * LOW HITPOINT WARNING * * *
You block the gnoll's attack.
Okay, then.
You aren't carrying any scrolls.
You hit the gnoll.
The gnoll is lightly wounded.
The jackal barely misses you. x3; You block the hobgoblin's attack.
The jackal bites you but does no damage.
The gnoll hits you with a +0 club.
* * * LOW HITPOINT WARNING * * *
You barely miss the gnoll.
The gnoll is lightly wounded.
The jackal barely misses you.
The jackal bites you but does no damage.
The hobgoblin barely misses you. The gnoll hits you with a +0 club.
* * * LOW HITPOINT WARNING * * *
You block the jackal's attack. The jackal closely misses you.
You barely miss the gnoll.
The gnoll is lightly wounded.
The jackal bites you.
* * * LOW HITPOINT WARNING * * *
You block the jackal's attack. The hobgoblin hits you.
* * * LOW HITPOINT WARNING * * *
You block the gnoll's attack. The jackal bites you.
You die...

#...# ##..# #..# #..#
###.## ########## .....#
#........# ####.##
#.#####.##
......##########g# #.#
...............g@#####.#
#...#.....######hh..##.#
#...#.##..).#######.##.##
#...#...#.#.).....#.#...#
..###.#.#...........#.###
#.......#.###...#.#...#
#.###.###.###.#...#.###
#.# #.###.......###...#
#'###..##.###.#.# ###.#


You could see a gnoll, 2 jackals and a hobgoblin.

Vanquished Creatures
  A gnoll (D:1)
  A dart slug (D:1)
  2 ball pythons (D:1)
  3 endoplasms (D:1)
  3 goblins (D:1)
  3 hobgoblins (D:1)
  7 jackals (D:1)
  2 kobolds (D:1)
  2 quokkas (D:1)
  A bat (D:1)
  5 rats (D:1)
30 creatures vanquished.

Notes
Turn   | Place    | Note
-------+----------+-------------------------------------------
     0 | D:1      | SensoryNuts the Ogre Fighter began the quest for the Orb.
     0 | D:1      | Reached XP level 1. HP: 24/24 MP: 1/1
   124 | D:1      | HP: 1/24 [jackal (2)]
   130 | D:1      | HP: 1/24 [jackal (1)]
   132 | D:1      | Reached XP level 2. HP: 1/32 MP: 2/2
   487 | D:1      | Found a faded altar of an unknown god.
   645 | D:1      | Reached XP level 3. HP: 36/40 MP: 3/3
  1652 | D:1      | HP: 1/40 [hobgoblin (3)]
  1652 | D:1      | Slain by a jackal

Illustrated notes

Levels and vault maps discovered:
D:1:      giann_horns, layout_basic, hellmonk_ecumenical_altar_leap_of_faith,
          minivault_5, chequers_serial_rivers_micro_e
D:2:      layout_rooms

Skill      XL: |  1  2  3 |
---------------+----------+-----
Dodging        | 3 |  3.2
Shields        | 3 |  3.0
Fighting       | |  4.6
Polearms       | |  2.5

Action                   || total
-------------------------++-------
Melee: Trident           ||    81
  Use: Potion            ||     6
       Scroll            ||     2
Armor: Robe              ||    30
Dodge: Dodged            ||    51
Block: Kite shield       ||    40

Table legend: (Time is in decaauts)
 A = Elapsed time spent in this place.
 B = Non-inter-level travel time spent in this place.
 C = Inter-level travel time spent in this place.
 D = Time resting spent in this place.
 E = Time spent auto-exploring this place.
 F = Levels seen in this place.
 G = Mean time per level.
                   A        B        C        D        E       F      G
               +--------+--------+--------+--------+--------+-----+--------+
         Total |   1687 |   1418 |    269 |      0 |   1147 |   2 |  843.5 |
       Dungeon |   1687 |   1418 |    269 |      0 |   1147 |   2 |  843.5 |
               +--------+--------+--------+--------+--------+-----+--------+

Top non-repeatable levels by time:
     D:1: 1678 daAuts
     D:2: 9 daAuts
